 Dungeon Crawl Stone Soup version 0.31-a0-1178-gc5c9b8f871 (webtiles) character file.

Game seed: 1442626245420241009

89 backslashecho the Gusty (level 4, -2/27 HPs)
             Began as an Octopode Air Elementalist on Dec 11, 2023.
             Slain by an orc wizard
             ... wielding a +0 trident
              (7 damage)
             ... on level 3 of the Dungeon.
             The game lasted 00:04:38 (2406 turns).

backslashecho the Gusty (Octopode Air Elementalist) Turns: 2406, Time: 00:04:39

Health: -2/27      AC:  1    Str:  7    XL:     4   Next: 55%
Magic:  3/7        EV: 13    Int: 19    God:
Gold:   124        SH:  0    Dex: 12    Spells: 2/8 levels left

rFire   . . .        j - +0 dagger
rCold   . . .        (no shield)
rNeg    . . .        (helmet restricted)
rPois   .            (no amulet)
rElec   .            (no ring)
rCorr   .            (no ring)
SInv    .            (no ring)
Will    .....        (no ring)
Stlth   +++          (no ring)
HPRegen 0.24/turn    (no ring)
MPRegen 0.10/turn    (no ring)
                     (no ring)

%: no passive effects
@: no status effects
A: almost no armour, amphibious, 8 rings, camouflage 1, gelatinous body 1,
(nimble swimmer 1), tentacles
a: no special abilities


You were on level 3 of the Dungeon.
You visited 1 branch of the dungeon, and saw 3 of its levels.

You collected 124 gold pieces.

Inventory:

Hand Weapons
 j - a +0 dagger (weapon)
Wands
 k - a wand of flame (27)
Scrolls
 b - 3 scrolls of teleportation {unknown}
 d - a scroll of amnesia {unknown}
 e - 2 scrolls of silence {unknown}
 h - a scroll of poison {unknown}
 i - a scroll of identify {unknown}
 l - a scroll of enchant armour {unknown}
 m - a scroll of fear {unknown}
 n - a scroll of noise {unknown}
Potions
 a - a potion of magic
 c - a potion of enlightenment {unknown}
 f - a potion of brilliance {unknown}
 g - a potion of resistance {unknown}


   Skills:
 + Level 1.0 Short Blades
 - Level 2.0 Dodging
 - Level 3.0 Stealth
 + Level 2.6 Spellcasting
 + Level 2.0 Conjurations
 * Level 4.0 Air Magic


You had 2 spell levels left.
You knew the following spells:

 Your Spells              Type           Power      Damage    Failure   Level
a - Shock                 Conj/Air       56%        1d6       4%          1
b - Swiftness             Air            18%        N/A       9%          3
c - Static Discharge      Conj/Air       28%        3-5/arc   7%          2

Your spell library contained the following spells:

 Spells                   Type           Power      Damage    Failure   Level
 Airstrike                Air            9%         2d(2-18)  30%         4


Dungeon Overview and Level Annotations

Branches:
Dungeon (3/15)

Altars:

Shops:
D:1 *


Innate Abilities, Weirdness & Mutations

You cannot wear most types of armour.
You are amphibious.
You can wear up to eight rings at the same time.
Your skin changes colour to match your surroundings (Stealth+).
Your rubbery body absorbs attacks. (AC +1, EV +1)
((You are camouflaged when in or above water. (Stealth+)))
You have tentacles for arms and can constrict up to eight enemies at once.


Message History

The zap hits the orc wizard but does no damage.
The orc wizard is lightly wounded.
You now have 4/7 mp.
The orc wizard closely misses you.
Casting: Shock (safe; 4% risk of failure)
Confirm with . or Enter, or press ? or * to list all spells.
Aiming: Shock (safe; 4% risk of failure)
Press: ? - help, Shift-Dir - straight line, f/p - orc wizard
Aim: an orc wizard, wielding a +0 trident and wearing a +0 robe (lightly wounded, 64% to hit)
The zap misses the orc wizard.
The orc wizard barely misses you.
You now have 4/7 mp.
The orc wizard hits you with a +0 trident.
You take 3 damage, and have 21/27 hp.
Casting: Shock (safe; 4% risk of failure)
Confirm with . or Enter, or press ? or * to list all spells.
Aiming: Shock (safe; 4% risk of failure)
Press: ? - help, Shift-Dir - straight line, f/p - orc wizard
Aim: an orc wizard, wielding a +0 trident and wearing a +0 robe (lightly wounded, 64% to hit)
The zap misses the orc wizard.
The zap hits the orc wizard.
The orc wizard is moderately wounded.
The orc wizard points at you and mumbles some strange words.
The magic dart hits you!
You take 9 damage, and have 12/27 hp.
MASSIVE DAMAGE!!
You now have 3/7 mp.
Casting: Shock (safe; 4% risk of failure)
Confirm with . or Enter, or press ? or * to list all spells.
Aiming: Shock (safe; 4% risk of failure)
Press: ? - help, Shift-Dir - straight line, f/p - orc wizard
Aim: an orc wizard, wielding a +0 trident and wearing a +0 robe (moderately wounded, 64% to hit)
The zap hits the orc wizard.
The orc wizard is heavily wounded.
The zap hits the orc wizard.
The orc wizard is severely wounded.
The orc wizard casts a spell at you.
You are confused.
You now have 2/7 mp.
The orc wizard mumbles some strange words.
The orc wizard flickers and vanishes!
Deactivating autopickup; reactivate with Ctrl-A.
Something hits you.
* * * LOW HITPOINT WARNING * * *
You take 6 damage, and have 7/27 hp.
MASSIVE DAMAGE!!
You're too confused to move!
An endoplasm comes into view.
Something hits you but does no damage.
You bump into the rock wall.
Something hits you.
* * * LOW HITPOINT WARNING * * *
You take 3 damage, and have 4/27 hp.
You feel less confused. Something hits you!
You die...

......# #.........#
......# #.........#
......# #...†.....#
.....## #.†.......#
.....#######........># .#
.....)......#.......##!.##
......#####.##.....###..>.
......# #....##.## .....
......# ####..@.# ......
###.{##...... ##..†......
# #.....>... # ###.J.....
# ....... # ....... #
....... # .......


You could see an endoplasm (wandering).

Vanquished Creatures
  An orc priest (D:3)
  An adder (D:3)
  2 orcs
  3 bats
  An endoplasm (D:2)
  4 giant cockroaches
  A goblin (D:1)
  5 hobgoblins
  7 jackals
  3 quokkas
  4 ball pythons
  2 frilled lizards
  7 kobolds
  6 rats
47 creatures vanquished.

Notes
Turn   | Place    | Note
-------+----------+-------------------------------------------
     0 | D:1      | backslashecho the Octopode Air Elementalist began the quest
                  | for the Orb.
     0 | D:1      | Reached XP level 1. HP: 11/11 MP: 3/3
    55 | D:1      | Reached XP level 2. HP: 5/17 MP: 0/5
   412 | D:1      | Found a faded altar of an unknown god.
   497 | D:1      | Found Kieqite's General Store.
  1137 | D:2      | Reached XP level 3. HP: 21/21 MP: 3/6
  1141 | D:2      | Learned a level 3 spell: Swiftness
  1144 | D:2      | Learned a level 2 spell: Static Discharge
  1963 | D:3      | Reached XP level 4. HP: 27/27 MP: 3/7
  2120 | D:3      | Reached skill level 4 in Air Magic
  2303 | D:3      | Reached skill level 1 in Short Blades
  2406 | D:3      | Slain by an orc wizard

Illustrated notes

Levels and vault maps discovered:
D:1:      matt_arrival_refuge, layout_loops_cross, serial_shops,
          nicolae_shop_tiny_glass, shapermc_ecumenical_altar_gd
D:2:      layout_loops_corners, kennysheep_generic_room_5
D:3:      layout_rooms

Skill      XL: |  1  2  3  4 |
---------------+-------------+-----
Stealth        | 3 |  3.0
Air Magic      | 4 |  4.0
Conjurations   | 2 |  2.0
Short Blades   | 1 |  1.0
Dodging        | |  2.0
Spellcasting   | |  2.6

Action                     |  1- 3 |  4- 6 || total
---------------------------+-------+-------++-------
  Melee: Unarmed           |    24 |       ||    24
         Constrict         |    13 |       ||    13
         Tentacles         |     7 |     1 ||     8
         Dagger            |     7 |     1 ||     8
   Cast: Shock             |    41 |    28 ||    69
   Stab: Sleeping          |     3 |       ||     3
 Armour: Skin              |    27 |     9 ||    36
  Dodge: Dodged            |    33 |    11 ||    44

Table legend: (Time is in decaauts)
 A = Elapsed time spent in this place.
 B = Non-inter-level travel time spent in this place.
 C = Inter-level travel time spent in this place.
 D = Time resting spent in this place.
 E = Time spent auto-exploring this place.
 F = Levels seen in this place.
 G = Mean time per level.
                   A        B        C        D        E       F      G
               +--------+--------+--------+--------+--------+-----+--------+
         Total |   2405 |   2268 |    137 |    270 |   1688 |   3 |  801.7 |
       Dungeon |   2405 |   2268 |    137 |    270 |   1688 |   3 |  801.7 |
               +--------+--------+--------+--------+--------+-----+--------+

Top non-repeatable levels by time:
     D:1: 1025 daAuts
     D:2: 1023 daAuts
     D:3: 357 daAuts
